 Dungeon Crawl Stone Soup version 0.29.1-1-gd02db6906a (webtiles) character file.

Game seed: 3853970768085654294

2938 safid the Skirmisher (level 9, -3/69 HPs)
             Began as a Minotaur Hunter on Sept 28, 2022.
             Was a Follower of Okawaru.
             Slain by an orc warrior
             ... wielding a +2 hand axe of freezing
              (4 damage)
             ... on level 7 of the Dungeon.
             The game lasted 00:15:43 (9652 turns).

safid the Skirmisher (Minotaur Hunter)              Turns: 9652, Time: 00:15:44

Health: -3/69      AC:  6    Str: 16    XL:     9   Next: 51%
Magic:  8/8        EV: 12    Int:  6    God:    Okawaru [*.....]
Gold:   402        SH:  0    Dex: 18    Spells: 8/8 levels left

rFire   . . .      SeeInvis .   a - +0 shortbow
rCold   . . .      Faith    .   (shield currently unavailable)
rNeg    + . .      Spirit   .   c - +0 leather armour
rPois   .          Reflect  .   (helmet restricted)
rElec   .          Harm     .   e - +0 cloak
rCorr   .          Rampage  .   (no gloves)
Will    .....                   b - +1 pair of boots
Stlth   ++........              t - amulet of the acrobat
HPRegen 0.21/turn               j - ring of positive energy
MPRegen 0.11/turn               (no ring)

@: no status effects
A: horns 2, retaliatory headbutt
a: Renounce Religion, Heroism


You were on level 7 of the Dungeon.
You worshipped Okawaru.
Okawaru was aware of your devotion.
You visited 2 branches of the dungeon, and saw 8 of its levels.
You also visited: Ossuary.

You collected 402 gold pieces.

Inventory:

Hand Weapons
 a - a +0 shortbow (weapon)
Missiles
 k - 12 javelins
Armour
 b - a +1 pair of boots (worn)
 c - a +0 leather armour (worn)
 e - a +0 cloak (worn)
Jewellery
 j - a ring of positive energy (left hand)
 t - an amulet of the acrobat (around neck)
Wands
 m - a wand of polymorph (5)
 o - a wand of light (24)
Scrolls
 d - 2 scrolls of fear
 g - a scroll of torment {unknown}
 h - 3 scrolls of teleportation
 i - 5 scrolls of blinking
 y - a scroll of fog {unknown}
 z - a scroll of enchant armour {unknown}
 A - 2 scrolls of amnesia {unknown}
Potions
 f - a potion of magic {unknown}
 l - 3 potions of ambrosia
 n - 6 potions of flight
 p - a potion of attraction {unknown}
 r - a potion of haste {unknown}
 s - 2 potions of invisibility {unknown}
 u - 2 potions of brilliance {unknown}
 v - a potion of cancellation {unknown}
 w - a potion of resistance {unknown}
 x - a potion of heal wounds {unknown}


   Skills:
 - Level 3.0 Fighting
 + Level 14.8 Ranged Weapons
 - Level 2.1 Dodging
 - Level 0.7 Stealth


You had 8 spell levels left.
You didn't know any spells.
Your spell library contained the following spells:

 Spells                   Type           Power      Damage    Failure   Level
 Sandblast                Erth           0%         2d4       52%         1
 Passwall                 Tmut/Erth      0%         N/A       67%         2
 Gell's Gravitas          Tloc           0%         N/A       88%         3
 Portal Projectile        Hex/Tloc       0%         N/A       88%         3
 Stone Arrow              Conj/Erth      0%         3d7       88%         3
 Teleport Other           Tloc           0%         N/A       88%         3
 Blade Hands              Tmut           0%         N/A       100%        5
 Dispersal                Tloc           0%         N/A       100%        6
 Summon Small Mammal      Summ           Unusable   N/A       N/A         1
 Call Canine Familiar     Summ           Unusable   N/A       N/A         3
 Summon Guardian Golem    Hex/Summ       Unusable   N/A       N/A         3
 Tukima's Dance           Hex            Unusable   N/A       N/A         3

Dungeon Overview and Level Annotations

Branches:
Dungeon (7/15)             Temple (1/1) D:6         Ossuary (visited)

Altars:
Ashenzari
Cheibriados
Dithmenos
Fedhas
Gozag
Hepliaklqana
Kikubaaqudgha
Makhleb
Nemelex Xobeh
Okawaru
Qazlal
Ru
Sif Muna
Trog
Vehumet
Wu Jian
Xom
Yredelemnul
The Shining One

Shops:
D:7 *


Innate Abilities, Weirdness & Mutations

You have a pair of horns on your head.
You reflexively headbutt those who attack you in melee.


Message History

The arrow hits the orc warrior but does no damage.
The orc warrior is heavily wounded.
The orc warrior completely misses you.
You shoot an arrow.
The arrow closely misses the orc warrior.
The orc warrior hits you with a +2 hand axe of freezing!
The orc warrior freezes you.
You are too injured to fight recklessly!
You are too injured to fight recklessly!
Fire: a) +0 shortbow
Press: ? - help, Q - select action, (/) - cycle Shift-Dir - straight line, f/p - orc warrior
Aim: an orc warrior, wielding a +2 hand axe of freezing and wearing a +0 plate armour (heavily wounded, 69% to hit)
You shoot an arrow. The arrow hits the orc warrior.
The orc warrior is severely wounded.
The orc warrior hits you with a +2 hand axe of freezing.
* * * LOW HITPOINT WARNING * * *
The orc warrior freezes you.
* * * LOW HITPOINT WARNING * * *
Fire: a) +0 shortbow
Press: ? - help, Q - select action, (/) - cycle Shift-Dir - straight line, f/p - orc warrior
Aim: an orc warrior, wielding a +2 hand axe of freezing and wearing a +0 plate armour (severely wounded, 69% to hit)
You shoot an arrow.
The arrow hits the orc warrior but does no damage.
The orc warrior is severely wounded.
Fire: a) +0 shortbow
Press: ? - help, Q - select action, (/) - cycle Shift-Dir - straight line, f/p - orc warrior
Aim: an orc warrior, wielding a +2 hand axe of freezing and wearing a +0 plate armour (severely wounded, 69% to hit)
You shoot an arrow.
The arrow closely misses the orc warrior.
The orc warrior barely misses you. You furiously retaliate!
You headbutt the orc warrior, but do no damage.
Fire: a) +0 shortbow
Press: ? - help, Q - select action, (/) - cycle Shift-Dir - straight line, f/p - orc warrior
Aim: an orc warrior, wielding a +2 hand axe of freezing and wearing a +0 plate armour (severely wounded, 69% to hit)
You shoot an arrow.
The arrow closely misses the orc warrior.
The orc warrior hits you with a +2 hand axe of freezing!
* * * LOW HITPOINT WARNING * * *
The orc warrior freezes you.
You die...

.##..#......)†...'.......#
.###.#.......#...#.......#
.###.##.....##...##.....##
.##...##...###...###...##
...(...##### #...# #####
..#.####...###...# ...#
##..###.....##...# .....
...#.#.......#...#).....
..#..#......†'..@o....?.
>...##.......#...#......
.<.####.....##...# .$...
.#....##...###..^# ...#
.########### #...# ### .#
#...# .##### #...# .....#
#...# ....##


You could see an orc warrior.

Vanquished Creatures
  A troll (D:5)
  3 water moccasins
  3 sky beasts
  4 black bears
  3 ogres (D:6)
  2 centaurs
  2 gnoll sergeants
  3 bullfrogs
  2 scorpions
  A necrophage (D:4)
  An orc priest (D:5)
  A gnoll bouda (D:4)
  4 hounds
  A jelly (D:6)
  6 iguanas
  3 orc wizards
  4 mummies (Ossuary)
  10 adders
  12 gnolls
  A white imp (D:6)
  2 worms
  4 dart slugs
  19 orcs
  3 endoplasms
  5 giant cockroaches
  A gnoll zombie (Ossuary)
  6 goblins
  8 hobgoblins
  7 kobolds
  2 quokkas
  11 ball pythons
  7 bats
  2 frilled lizards
  2 goblin zombies (Ossuary)
  2 hobgoblin zombies (Ossuary)
  2 kobold zombies (Ossuary)
  An orc zombie (Ossuary)
  5 rats
156 creatures vanquished.

Vanquished Creatures (others)
  An orc wizard (D:6)
1 creature vanquished.

Grand Total: 157 creatures vanquished

Notes
Turn   | Place    | Note
-------+----------+-------------------------------------------
     0 | D:1      | safid the Minotaur Hunter began the quest for the Orb.
     0 | D:1      | Reached XP level 1. HP: 18/18 MP: 0/0
   212 | D:1      | Reached XP level 2. HP: 26/26 MP: 1/1
   617 | D:1      | Reached skill level 5 in Ranged Weapons
  1044 | D:2      | Reached XP level 3. HP: 31/31 MP: 2/2
  1386 | D:2      | You fall into a shaft and drop 1 floor!
  1542 | D:2      | Reached XP level 4. HP: 38/38 MP: 3/3
  1548 | D:2      | Reached skill level 6 in Ranged Weapons
  2549 | D:4      | Noticed a black bear
  2556 | D:4      | Killed a black bear
  2557 | D:4      | Reached skill level 7 in Ranged Weapons
  2557 | D:4      | Reached XP level 5. HP: 26/45 MP: 4/4
  2893 | D:4      | Reached XP level 6. HP: 39/51 MP: 5/5
  2933 | D:4      | Reached skill level 8 in Ranged Weapons
  3390 | D:4      | Found an iron altar of Okawaru.
  3584 | D:4      | Reached skill level 9 in Ranged Weapons
  3759 | D:5      | Entered Level 5 of the Dungeon
  3768 | D:5      | Reached XP level 7. HP: 43/57 MP: 6/6
  3768 | D:5      | Found a sand-covered staircase.
  3917 | Ossuary  | Entered an ossuary
  4927 | D:5      | Reached skill level 10 in Ranged Weapons
  5107 | D:5      | Found an opulent altar of Gozag.
  5158 | D:5      | Found a stormy altar of Qazlal.
  5557 | D:5      | Noticed a troll
  5574 | D:5      | Killed a troll
  5575 | D:5      | Reached skill level 11 in Ranged Weapons
  5575 | D:5      | Reached XP level 8. HP: 16/63 MP: 7/7
  6413 | D:6      | Reached skill level 12 in Ranged Weapons
  6525 | D:6      | Found a staircase to the Ecumenical Temple.
  7073 | Temple   | Entered the Ecumenical Temple
  7162 | D:4      | Became a worshipper of Warmaster Okawaru
  7244 | D:6      | Found a broken altar of Ashenzari.
  7326 | D:6      | Reached skill level 13 in Ranged Weapons
  7547 | D:6      | Reached XP level 9. HP: 52/69 MP: 8/8
  7636 | D:6      | Reached * piety under Okawaru
  7924 | D:6      | Found a basalt altar of Yredelemnul.
  8293 | D:7      | Found Qynaosa's Neck Hole.
  8351 | D:7      | Reached skill level 14 in Ranged Weapons
  9652 | D:7      | HP: 1/69 [orc warrior/+2 hand axe of freezing (13)]
  9652 | D:7      | Slain by an orc warrior

Illustrated notes

Levels and vault maps discovered:
D:1:      sevenhm_arrival_forest_fort_large_3, layout_loops_ring
D:2:      cheibrodos_helix_gallery, layout_basic, dreamdust_wishing_well,
          guppyfry_early_orc_mine
D:3:      layout_loops_cross
D:4:      layout_gridville, okawaru_trees_2
D:5:      layout_rooms, lemuel_crystal_altar,
          nicolae_gozag_cash_rules_everything_around_me,
          nicolae_ossuary_entry_ruins
D:6:      layout_basic, nicolae_ashenzari_panopticon,
          minmay_temple_entry_water_ring, minmay_ruined_shrine
D:7:      kennysheep_six_static_rooms, layout_rooms, serial_glass,
          glass_columns_a, glass_columns_a, feat_on_display,
          minmay_misc_feat_rugged, nicolae_shop_sticking_my_neck_out
Temple:   minmay_freezing_vapour_temple

Skill      XL: |  1  2  3  4  5  6  7  8  9 |
---------------+----------------------------+-----
Fighting       | 3 |  3.0
Ranged Weapons | 5 7 9 11 13 14 | 14.8
Dodging        | |  2.1
Stealth        | |  0.7

Action                   |  1- 3 |  4- 6 |  7- 9 || total
-------------------------+-------+-------+-------++-------
Melee: Shortbow          |       |       |     1 ||     1
 Fire: Shortbow          |   131 |   134 |   438 ||   703
Evoke: Wand              |       |       |     3 ||     3
  Use: Potion            |       |       |     6 ||     6
       Scroll            |       |       |     6 ||     6
Armor: Leather armour    |    13 |    21 |    80 ||   114
Dodge: Dodged            |    39 |    71 |   189 ||   299
